[Event "94th FRA-ch Open A 2019"]
[Site "Chartres"]
[Date "2019.08.21"]
[Round "5.1"]
[White "Meunier-Pion, Jean"]
[Black "Guignier, Nicolas"]
[Result "1/2-1/2"]
[ECO "B03"]
[WhiteElo "2193"]
[BlackElo "2151"]
[Annotator "NA"]
[PlyCount "92"]
[EventDate "2019.08.17"]
[EventType "swiss"]
[EventCountry "FRA"]
[SourceTitle "playchess.com"]
[Source "ChessBase"]
[SourceQuality "1"]
[TimeControl "40/5400+30:1800+30"]

1. e4 Nf6 2. e5 Nd5 3. d4 d6 4. Be2 dxe5 5. dxe5 Nb4 6. Qxd8+ Kxd8 7. Na3 Bf5 8. Nf3 Bxc2 9. O-O e6 10. Bg5+ Kc8 11. Nxc2 Nxc2 12. Rad1 Bc5 13. Rc1 Nd4 14. Rxc5 Nxe2+ 15. Kh1 h6 16. Be3 g5 17. g3 g4 18. Nd2 Rd8 19. Rc4 Nc6 20. Rxg4 Ned4 21. Bxd4 Nxd4 22. Nc4 Nf5 23. Ne3 Nxe3 24. fxe3 b5 25. Rxf7 Rd2 26. Rgg7 Rc2 27. Kg1 Kb7 28. Rf2 Rxf2 29. Kxf2 Kc6 30. Rg6 Kd5 31. Rxh6 c5 32. h4 c4 33. e4+ Kxe4 34. Rxe6 Kd3 35. Rc6 Rf8+ 36. Kg2 Kc2 37. a4 Kxb2 38. axb5 c3 39. b6 a5 40. b7 Rb8 41. Rb6+ Ka3 42. e6 c2 43. Rc6 Kb2 44. Rb6+ Ka2 45. Rc6 Kb2 46. Rb6+ Ka2 1/2-1/2

[Event "94th FRA-ch Open A 2019"]
[Site "Chartres"]
[Date "2019.08.21"]
[Round "5.2"]
[White "Rivalin, Kenny"]
[Black "Bordais, Benjamin"]
[Result "1-0"]
[ECO "B13"]
[WhiteElo "2184"]
[BlackElo "2137"]
[Annotator "NA"]
[PlyCount "96"]
[EventDate "2019.08.17"]
[EventType "swiss"]
[EventCountry "FRA"]
[SourceTitle "playchess.com"]
[Source "ChessBase"]
[SourceQuality "1"]
[TimeControl "40/5400+30:1800+30"]

1. e4 c6 2. d4 d5 3. exd5 cxd5 4. c4 Nc6 5. Nc3 Nf6 6. Nf3 Be6 7. c5 g6 8. b4 Bg7 9. Bb5 O-O 10. Bxc6 bxc6 11. Ne5 Bd7 12. O-O Ne8 13. Re1 f6 14. Nd3 Bf5 15. Bf4 g5 16. Bg3 Nc7 17. Bxc7 Qxc7 18. b5 e6 19. a4 Qa5 20. Rc1 Rfe8 21. bxc6 a6 22. Qf3 Bg6 23. Qh3 g4 24. Qg3 Rac8 25. Nf4 Bf5 26. Nh5 Kf7 27. Nxg7 Kxg7 28. Qf4 Qc7 29. Nxd5 Qxf4 30. Nxf4 Kf7 31. d5 exd5 32. Rxe8 Kxe8 33. Nxd5 Rxc6 34. f3 gxf3 35. gxf3 Kf7 36. Kf2 Ke6 37. Ne3 Bd3 38. Rc3 Bg6 39. Rc4 Rc8 40. Kg3 a5 41. Kf4 Be8 42. Re4+ Kd7 43. Nd5 Rc6 44. Nb6+ Kd8 45. Rd4+ Kc7 46. Rd5 Re6 47. h4 Re1 48. Rd6 Re5 1-0

[Event "94th FRA-ch Open A 2019"]
[Site "Chartres"]
[Date "2019.08.21"]
[Round "5.3"]
[White "Burille, Matthieu"]
[Black "Amoyal, Pierre"]
[Result "0-1"]
[ECO "B77"]
[WhiteElo "2174"]
[BlackElo "2093"]
[Annotator "NA"]
[PlyCount "72"]
[EventDate "2019.08.17"]
[EventType "swiss"]
[EventCountry "FRA"]
[SourceTitle "playchess.com"]
[Source "ChessBase"]
[SourceQuality "1"]
[TimeControl "40/5400+30:1800+30"]

1. e4 c5 2. Nf3 g6 3. d4 cxd4 4. Nxd4 Bg7 5. Nc3 Nc6 6. Be3 Nf6 7. Bc4 O-O 8. Bb3 d6 9. f3 Bd7 10. Qd2 Nxd4 11. Bxd4 b5 12. Nd5 Nxd5 13. exd5 a5 14. Bxg7 Kxg7 15. Qd4+ Kg8 16. a4 Qc7 17. axb5 Bxb5 18. c4 Bd7 19. Kf2 Rfb8 20. Bd1 Qa7 21. Qxa7 Rxb2+ 22. Be2 Rxa7 23. Rhb1 Rxb1 24. Rxb1 a4 25. Ke3 a3 26. Ra1 a2 27. c5 dxc5 28. Bc4 Ra4 29. Bxa2 Ra3+ 30. Kd2 c4 31. Kc2 c3 32. d6 e6 33. Kd3 Ba4 34. f4 Kf8 35. g3 Bb3 36. Rb1 c2 0-1

[Event "94th FRA-ch Open A 2019"]
[Site "Chartres"]
[Date "2019.08.21"]
[Round "5.4"]
[White "Weibel, Theo"]
[Black "Da Silva, Quentin"]
[Result "1/2-1/2"]
[ECO "B76"]
[WhiteElo "2081"]
[BlackElo "2161"]
[Annotator "NA"]
[PlyCount "72"]
[EventDate "2019.08.17"]
[EventType "swiss"]
[EventCountry "FRA"]
[SourceTitle "playchess.com"]
[Source "ChessBase"]
[SourceQuality "1"]
[TimeControl "40/5400+30:1800+30"]

1. e4 c5 2. Nf3 d6 3. d4 cxd4 4. Nxd4 Nf6 5. Nc3 g6 6. Be3 Bg7 7. f3 O-O 8. Qd2 Nc6 9. g4 Nxd4 10. Bxd4 Be6 11. Nd5 Bxd5 12. exd5 Qc7 13. h4 Rac8 14. Rh2 e6 15. dxe6 fxe6 16. O-O-O Nd5 17. h5 Bxd4 18. Qxd4 g5 19. Bd3 Qc5 20. Bf5 exf5 21. Qxd5+ Qxd5 22. Rxd5 Rf6 23. Rhd2 Rc6 24. R2d4 Kf7 25. f4 fxg4 26. Rxg5 Rc5 27. b4 Rxg5 28. fxg5 Rf1+ 29. Kd2 g3 30. Rg4 Rg1 31. a4 g2 32. Kc3 d5 33. a5 a6 34. g6+ Kg8 35. Rg3 h6 36. Rg4 Kg7 1/2-1/2

[Event "94th FRA-ch Open A 2019"]
[Site "Chartres"]
[Date "2019.08.21"]
[Round "5.5"]
[White "Mahieu, Luc"]
[Black "Vedovotto, Nicolas"]
[Result "1/2-1/2"]
[ECO "B01"]
[WhiteElo "2084"]
[BlackElo "2199"]
[Annotator "NA"]
[PlyCount "87"]
[EventDate "2019.08.17"]
[EventType "swiss"]
[EventCountry "FRA"]
[SourceTitle "playchess.com"]
[Source "ChessBase"]
[SourceQuality "1"]
[TimeControl "40/5400+30:1800+30"]

1. e4 Nc6 2. Nf3 d5 3. exd5 Qxd5 4. Nc3 Qa5 5. Bb5 Bd7 6. O-O a6 7. Bxc6 Bxc6 8. d4 e6 9. Ne5 Bd6 10. Nxc6 bxc6 11. Qf3 Ne7 12. Ne4 Qf5 13. Qe2 Ng6 14. Ng3 Qb5 15. c4 Qb7 16. b3 O-O 17. Be3 Rfe8 18. Qf3 a5 19. Ne4 Be7 20. Rab1 Rad8 21. Rfd1 Qa8 22. Qe2 f5 23. Nc3 Bf6 24. Qf3 c5 25. Qxa8 Rxa8 26. Nb5 cxd4 27. Bxd4 e5 28. Bc3 Re7 29. Kf1 Kf7 30. Na3 Ke6 31. Rd5 a4 32. b4 c6 33. Rc5 Rc7 34. Nc2 Be7 35. Ra5 Rca7 36. Rxa7 Rxa7 37. Rd1 Bd6 38. c5 Bc7 39. Ne3 Ne7 40. Nc4 Nd5 41. Bxe5 Bxe5 42. Re1 Nxb4 43. Rxe5+ Kf6 44. Re2 1/2-1/2

[Event "94th FRA-ch Open A 2019"]
[Site "Chartres"]
[Date "2019.08.21"]
[Round "5.6"]
[White "Rode, Antony"]
[Black "Aumont, Alexandre"]
[Result "0-1"]
[ECO "B51"]
[WhiteElo "2076"]
[BlackElo "2190"]
[Annotator "NA"]
[PlyCount "86"]
[EventDate "2019.08.17"]
[EventType "swiss"]
[EventCountry "FRA"]
[SourceTitle "playchess.com"]
[Source "ChessBase"]
[SourceQuality "1"]
[TimeControl "40/5400+30:1800+30"]

1. e4 c5 2. Nf3 d6 3. Bb5+ Nd7 4. O-O a6 5. Bd3 Ngf6 6. c3 b5 7. Bc2 Bb7 8. Qe2 e6 9. d4 Be7 10. Re1 O-O 11. Bd3 Qc7 12. Bd2 Rfe8 13. b4 c4 14. Bc2 a5 15. a4 axb4 16. cxb4 bxa4 17. Nc3 d5 18. e5 Ne4 19. Nxe4 dxe4 20. Ng5 Nf8 21. Nxe4 c3 22. Bf4 Bxb4 23. Reb1 Be7 24. Rxa4 Rxa4 25. Bxa4 Ra8 26. Bc2 Ng6 27. Bg3 Ra2 28. Nd6 Bd5 29. Qd1 h5 30. h3 h4 31. Bh2 Bg5 32. Ra1 Qa5 33. Rxa2 Qxa2 34. Qd3 Qa1+ 35. Qd1 Qb2 36. Qb1 Ba2 37. Qd1 Bd5 38. Kh1 Bd2 39. Ne4 Qb4 40. Nxd2 cxd2 41. Bxg6 Bb3 42. Bxf7+ Kxf7 43. Qh5+ Kg8 0-1

[Event "94th FRA-ch Open A 2019"]
[Site "Chartres"]
[Date "2019.08.22"]
[Round "6.1"]
[White "Amoyal, Pierre"]
[Black "Rivalin, Kenny"]
[Result "1/2-1/2"]
[ECO "A61"]
[WhiteElo "2093"]
[BlackElo "2184"]
[Annotator "NA"]
[PlyCount "79"]
[EventDate "2019.08.17"]
[EventType "swiss"]
[EventCountry "FRA"]
[SourceTitle "playchess.com"]
[Source "ChessBase"]
[SourceQuality "1"]
[TimeControl "40/5400+30:1800+30"]

1. d4 Nf6 2. c4 c5 3. d5 e6 4. Nc3 exd5 5. cxd5 d6 6. Bf4 a6 7. a4 g6 8. h3 Bg7 9. Nf3 O-O 10. e3 Qe7 11. Be2 Nbd7 12. O-O Ne8 13. Re1 Ne5 14. a5 f5 15. Qb3 Nxf3+ 16. Bxf3 g5 17. Bg3 g4 18. hxg4 fxg4 19. Be2 Be5 20. Bxe5 Qxe5 21. Ra4 g3 22. Nd1 gxf2+ 23. Nxf2 Nf6 24. Bf3 Bf5 25. Re2 Rf7 26. Rf4 Raf8 27. Qc3 Re8 28. Qd2 Bg6 29. b4 cxb4 30. Rxb4 Qa1+ 31. Kh2 Qxa5 32. Qb2 Nxd5 33. Rxb7 Nf6 34. Rb6 Qc5 35. Rxa6 Rxe3 36. Rxe3 Qxe3 37. Ra8+ Kg7 38. Ng4 Qf4+ 39. Kg1 h5 40. Qb8 1/2-1/2

[Event "94th FRA-ch Open A 2019"]
[Site "Chartres"]
[Date "2019.08.22"]
[Round "6.2"]
[White "Da Silva, Quentin"]
[Black "Meunier-Pion, Jean"]
[Result "1/2-1/2"]
[ECO "B88"]
[WhiteElo "2161"]
[BlackElo "2193"]
[Annotator "NA"]
[PlyCount "144"]
[EventDate "2019.08.17"]
[EventType "swiss"]
[EventCountry "FRA"]
[SourceTitle "playchess.com"]
[Source "ChessBase"]
[SourceQuality "1"]
[TimeControl "40/5400+30:1800+30"]

1. e4 c5 2. Nf3 d6 3. d4 cxd4 4. Nxd4 Nf6 5. Nc3 a6 6. Bc4 e6 7. O-O Be7 8. Bb3 O-O 9. f4 Nc6 10. Be3 Nxd4 11. Bxd4 b5 12. e5 Ne8 13. Rf3 Bb7 14. Rh3 dxe5 15. fxe5 g6 16. Qg4 Ng7 17. Rd1 Qc7 18. Ne4 Bxe4 19. Qxe4 Nf5 20. c3 h5 21. Kh1 Kg7 22. Rhd3 Rad8 23. Bf2 Rxd3 24. Rxd3 Bc5 25. Bxc5 Qxc5 26. Qe2 h4 27. Bc2 Rh8 28. Rh3 Ne7 29. Qe3 Qxe3 30. Rxe3 Rc8 31. g3 b4 32. Kg2 Nd5 33. Rf3 bxc3 34. bxc3 Nxc3 35. Bb3 a5 36. Rf4 hxg3 37. hxg3 Rc5 38. Rc4 Rxc4 39. Bxc4 Ne4 40. Bb5 f6 41. Kf3 Nc5 42. exf6+ Kxf6 43. Ke3 Ke5 44. Be2 g5 45. g4 Nd7 46. Kd3 Kf4 47. Kc4 Ne5+ 48. Kb5 Nxg4 49. Kxa5 Ne3 50. a4 g4 51. Bxg4 Kxg4 52. Kb5 Nd5 53. a5 e5 54. Kc5 e4 55. a6 e3 56. a7 Nc7 57. Kc6 Na8 58. Kb7 e2 59. Kxa8 e1=Q 60. Kb8 Qb4+ 61. Kc7 Qc5+ 62. Kb8 Qb5+ 63. Kc7 Qd5 64. Kb8 Qb5+ 65. Kc7 Qc5+ 66. Kb7 Qe7+ 67. Kb8 Qd8+ 68. Kb7 Qd7+ 69. Kb8 Qb5+ 70. Kc7 Qa6 71. Kb8 Qb6+ 72. Ka8 Kf5 1/2-1/2

[Event "94th FRA-ch Open A 2019"]
[Site "Chartres"]
[Date "2019.08.22"]
[Round "6.3"]
[White "Aumont, Alexandre"]
[Black "Droin, Augustin"]
[Result "1/2-1/2"]
[ECO "B23"]
[WhiteElo "2190"]
[BlackElo "2128"]
[Annotator "NA"]
[PlyCount "76"]
[EventDate "2019.08.17"]
[EventType "swiss"]
[EventCountry "FRA"]
[SourceTitle "playchess.com"]
[Source "ChessBase"]
[SourceQuality "1"]
[TimeControl "40/5400+30:1800+30"]

1. e4 c5 2. Nc3 d6 3. d4 cxd4 4. Qxd4 a6 5. b3 Nc6 6. Qd2 Nf6 7. Bb2 e6 8. O-O-O Be7 9. f4 b5 10. Bd3 b4 11. Na4 Bd7 12. Nf3 Qc7 13. g4 Na5 14. g5 Nh5 15. Qxb4 Nxf4 16. Nb6 Rb8 17. Qxa5 Qxb6 18. Qxb6 Rxb6 19. Bxg7 Rg8 20. Bd4 Nxd3+ 21. Rxd3 Rb8 22. h4 e5 23. Bb2 Rb4 24. c4 Rb6 25. Ba3 Bc6 26. Re1 Bb7 27. Kd2 h6 28. gxh6 Rh8 29. Bc1 Rxh6 30. Kc3 Rh5 31. Be3 Rc6 32. Bg5 f6 33. Bc1 Kf7 34. Ba3 Ke6 35. b4 Rc8 36. Kb3 Rg8 37. b5 axb5 38. cxb5 d5 1/2-1/2

[Event "94th FRA-ch Open A 2019"]
[Site "Chartres"]
[Date "2019.08.22"]
[Round "6.4"]
[White "Guignier, Nicolas"]
[Black "Derige Kane, Yan"]
[Result "1/2-1/2"]
[ECO "B31"]
[WhiteElo "2151"]
[BlackElo "2156"]
[Annotator "NA"]
[PlyCount "80"]
[EventDate "2019.08.17"]
[EventType "swiss"]
[EventCountry "FRA"]
[SourceTitle "playchess.com"]
[Source "ChessBase"]
[SourceQuality "1"]
[TimeControl "40/5400+30:1800+30"]

1. e4 c5 2. Nf3 Nc6 3. Bb5 g6 4. Bxc6 bxc6 5. O-O Bg7 6. Re1 Nh6 7. d3 O-O 8. Nbd2 d5 9. Nb3 f5 10. exd5 cxd5 11. Nxc5 Qd6 12. d4 Nf7 13. Nd3 Re8 14. c3 Qf6 15. Nf4 e6 16. Nxd5 Qd8 17. Nf4 g5 18. Nd3 Bb7 19. Nfe5 Qd5 20. f3 Nxe5 21. Nxe5 h6 22. Qb3 Rad8 23. Be3 Ba6 24. Qxd5 exd5 25. Nc6 Rd6 26. Nb4 Bc4 27. b3 Bb5 28. a4 Bd7 29. Bd2 Rb8 30. a5 f4 31. a6 Rxb4 32. cxb4 Bxd4+ 33. Kh1 Bxa1 34. Rxa1 Bb5 35. g3 fxg3 36. hxg3 Rxa6 37. Rxa6 Bxa6 38. Be3 Be2 39. f4 gxf4 40. Bxf4 h5 1/2-1/2

[Event "94th FRA-ch Open A 2019"]
[Site "Chartres"]
[Date "2019.08.22"]
[Round "6.5"]
[White "Vedovotto, Nicolas"]
[Black "Weibel, Theo"]
[Result "1-0"]
[ECO "B23"]
[WhiteElo "2199"]
[BlackElo "2081"]
[Annotator "NA"]
[PlyCount "31"]
[EventDate "2019.08.17"]
[EventType "swiss"]
[EventCountry "FRA"]
[SourceTitle "playchess.com"]
[Source "ChessBase"]
[SourceQuality "1"]
[TimeControl "40/5400+30:1800+30"]

1. Nc3 c5 2. e4 Nc6 3. f4 g6 4. Nf3 Bg7 5. Bb5 Nd4 6. O-O Nxb5 7. Nxb5 d6 8. d3 Nf6 9. Qe1 O-O 10. Qh4 a6 11. Nc3 b5 12. f5 b4 13. Ne2 gxf5 14. Bh6 e5 15. Qg5 Nh5 16. Qxh5 1-0

[Event "94th FRA-ch Open A 2019"]
[Site "Chartres"]
[Date "2019.08.22"]
[Round "6.6"]
[White "Baroyan, Davit"]
[Black "Burille, Matthieu"]
[Result "0-1"]
[ECO "E13"]
[WhiteElo "2094"]
[BlackElo "2174"]
[Annotator "NA"]
[PlyCount "66"]
[EventDate "2019.08.17"]
[EventType "swiss"]
[EventCountry "FRA"]
[SourceTitle "playchess.com"]
[Source "ChessBase"]
[SourceQuality "1"]
[TimeControl "40/5400+30:1800+30"]

1. d4 Nf6 2. c4 e6 3. Nc3 Bb4 4. Bg5 h6 5. Bh4 b6 6. Qc2 Bb7 7. Nf3 g5 8. Bg3 Ne4 9. e3 Bxc3+ 10. bxc3 d6 11. Bd3 f5 12. d5 Nd7 13. Bxe4 fxe4 14. Qxe4 Qf6 15. Qd4 exd5 16. cxd5 Qxd4 17. cxd4 Bxd5 18. O-O Bxf3 19. gxf3 h5 20. h3 Nf8 21. d5 Nd7 22. f4 Rg8 23. f5 Nf6 24. Rad1 Kd7 25. Rd4 Rae8 26. Rc1 h4 27. Bh2 g4 28. Bf4 gxh3+ 29. Kh1 Ne4 30. Rf1 Rg2 31. Rg1 Rgg8 32. Kh2 Nxf2 33. e4 Ref8 {[%emt 0:01:30] Kxh3} 0-1

[Event "94th FRA-ch Open A 2019"]
[Site "Chartres"]
[Date "2019.08.23"]
[Round "7.1"]
[White "Rivalin, Kenny"]
[Black "Aumont, Alexandre"]
[Result "0-1"]
[ECO "B78"]
[WhiteElo "2184"]
[BlackElo "2190"]
[Annotator "NA"]
[PlyCount "78"]
[EventDate "2019.08.17"]
[EventType "swiss"]
[EventCountry "FRA"]
[SourceTitle "playchess.com"]
[Source "ChessBase"]
[SourceQuality "1"]
[TimeControl "40/5400+30:1800+30"]

1. e4 c5 2. Nf3 d6 3. d4 cxd4 4. Nxd4 Nf6 5. Nc3 g6 6. Be3 Bg7 7. f3 O-O 8. Qd2 Nc6 9. Bc4 Bd7 10. h4 h5 11. O-O-O Ne5 12. Bb3 Rc8 13. Bg5 Rc5 14. Kb1 b5 15. g4 hxg4 16. h5 Nxh5 17. Rxh5 gxh5 18. Nd5 Rxd5 19. Bxd5 Nxf3 20. Nxf3 gxf3 21. Bh6 e5 22. Bg5 Bf6 23. Bh6 Bg4 24. Bxf8 Qxf8 25. Bc6 Kg7 26. Bxb5 Kg6 27. Qf2 Qe7 28. Rg1 Bg5 29. Bd3 Qc7 30. Rg3 Qc5 31. Rxf3 Qxf2 32. Rxf2 h4 33. Bc4 f6 34. Bf1 Kh5 35. Bg2 h3 36. Bh1 Kh4 37. c3 Kg3 38. Rf1 Be2 39. Rg1+ Kf2 0-1

[Event "94th FRA-ch Open A 2019"]
[Site "Chartres"]
[Date "2019.08.23"]
[Round "7.2"]
[White "Da Silva, Quentin"]
[Black "Amoyal, Pierre"]
[Result "1/2-1/2"]
[ECO "C86"]
[WhiteElo "2161"]
[BlackElo "2093"]
[Annotator "NA"]
[PlyCount "70"]
[EventDate "2019.08.17"]
[EventType "swiss"]
[EventCountry "FRA"]
[SourceTitle "playchess.com"]
[Source "ChessBase"]
[SourceQuality "1"]
[TimeControl "40/5400+30:1800+30"]

1. e4 e5 2. Nf3 Nc6 3. Bb5 a6 4. Ba4 Nf6 5. O-O Be7 6. Qe2 b5 7. Bb3 O-O 8. c3 d5 9. exd5 Bg4 10. d3 Na5 11. Qxe5 Nxb3 12. axb3 Bxf3 13. gxf3 Bd6 14. Qf5 Nxd5 15. Bg5 Ne7 16. Bxe7 Qxe7 17. Nd2 g6 18. Qg4 f5 19. Qg2 Qe2 20. Rad1 Rfe8 21. f4 Bxf4 22. Rfe1 Qxe1+ 23. Rxe1 Rxe1+ 24. Nf1 Rd8 25. Qf3 Bc1 26. Kg2 Bxb2 27. Qf4 Rxd3 28. Qxc7 Rxc3 29. Qd8+ Kg7 30. Qd2 Rb1 31. Qd7+ Kh6 32. Qd2+ Kg7 33. Qd7+ Kh6 34. Qd2+ Kg7 35. Qd7+ Kh6 1/2-1/2

[Event "94th FRA-ch Open A 2019"]
[Site "Chartres"]
[Date "2019.08.23"]
[Round "7.3"]
[White "Haie, Arnaud"]
[Black "Vedovotto, Nicolas"]
[Result "1-0"]
[ECO "A40"]
[WhiteElo "2130"]
[BlackElo "2199"]
[Annotator "NA"]
[PlyCount "35"]
[EventDate "2019.08.17"]
[EventType "swiss"]
[EventCountry "FRA"]
[SourceTitle "playchess.com"]
[Source "ChessBase"]
[SourceQuality "1"]
[TimeControl "40/5400+30:1800+30"]

1. d4 Nc6 2. d5 Ne5 3. e4 Ng6 4. f4 e5 5. dxe6 fxe6 6. Nf3 d5 7. Bd3 Bc5 8. Nc3 Nf6 9. e5 Ng4 10. Bxg6+ hxg6 11. Qd3 Kf7 12. Ng5+ Kg8 13. Qxg6 Qe7 14. Nge4 Nxh2 15. Nf6+ Qxf6 16. exf6 Nf3+ 17. Ke2 Nd4+ 18. Kd3 1-0

[Event "94th FRA-ch Open A 2019"]
[Site "Chartres"]
[Date "2019.08.23"]
[Round "7.4"]
[White "Meunier-Pion, Jean"]
[Black "Nguyen-Cadoret, Nathan"]
[Result "1/2-1/2"]
[ECO "C78"]
[WhiteElo "2193"]
[BlackElo "2122"]
[Annotator "NA"]
[PlyCount "264"]
[EventDate "2019.08.17"]
[EventType "swiss"]
[EventCountry "FRA"]
[SourceTitle "playchess.com"]
[Source "ChessBase"]
[SourceQuality "1"]
[TimeControl "40/5400+30:1800+30"]

1. e4 e5 2. Nf3 Nc6 3. Bb5 a6 4. Ba4 Nf6 5. d3 b5 6. Bb3 Bc5 7. O-O d6 8. c3 O-O 9. a4 Bb7 10. Na3 b4 11. Nc4 bxc3 12. bxc3 Re8 13. Bg5 h6 14. Bh4 Ba7 15. Qd2 Rb8 16. a5 Bc8 17. Ba4 Bd7 18. h3 Qe7 19. Ne3 Bxe3 20. fxe3 g5 21. Bg3 Nh5 22. Bh2 Rb7 23. Qe2 Ng7 24. Ra2 Nb8 25. Bc2 c5 26. d4 cxd4 27. exd4 exd4 28. Nxd4 Be6 29. c4 Rc8 30. Bd3 Rb4 31. Qd2 Qa7 32. Kh1 Bxc4 33. Qxb4 Bxa2 34. Qa4 Be6 35. Bxd6 Qd7 36. Qxd7 Nxd7 37. Rb1 Nc5 38. Bxc5 Rxc5 39. Rb8+ Rc8 40. Rb6 Bc4 41. Bxc4 Rxc4 42. Nc6 Ne6 43. Rxa6 Kg7 44. Rb6 Nd4 45. Ne7 Rc7 46. Nd5 Rc1+ 47. Kh2 h5 48. Rb4 Ne2 49. Rb2 Nd4 50. Ra2 Nc6 51. a6 Na7 52. Kg3 Rc6 53. Ra4 Rd6 54. h4 f6 55. Ra5 Kf7 56. Ne3 Rd3 57. Kf3 Kg6 58. hxg5 fxg5 59. Rd5 Rxd5 60. exd5 Kf6 61. Ke4 Nb5 62. Nc4 g4 63. Nb6 h4 64. Nc4 Nc3+ 65. Kd4 h3 66. Kxc3 hxg2 67. a7 g1=Q 68. a8=Q Qc1+ 69. Kb4 Qe1+ 70. Kc5 g3 71. d6 Qf2+ 72. Kb5 Qf5+ 73. Ka6 Qd3 74. Qc6 g2 75. Qxg2 Qxc4+ 76. Kb6 Qd4+ 77. Kc7 Qa7+ 78. Qb7 Qc5+ 79. Qc6 Qe5 80. Kb7 Qb2+ 81. Kc8 Qd4 82. d7+ Ke7 83. Qc7 Qg4 84. Qe5+ Kf7 85. Qe8+ Kg7 86. Kd8 Qf5 87. Qe7+ Kg8 88. Qd6 Qa5+ 89. Ke7 Qg5+ 90. Ke8 Qh5+ 91. Kd8 Qa5+ 92. Ke7 Qg5+ 93. Qf6 Qc5+ 94. Ke8 Qh5+ 95. Ke7 Qc5+ 96. Kd8 Qa5+ 97. Kc8 Qa8+ 98. Kc7 Qa7+ 99. Kd6 Qb6+ 100. Ke5 Qb5+ 101. Ke6 Qc6+ 102. Ke7 Qc5+ 103. Qd6 Qg5+ 104. Ke6 Qg6+ 105. Kd5 Qd3+ 106. Kc5 Qa3+ 107. Kc6 Qa6+ 108. Kc7 Qa7+ 109. Kc8 Qa8+ 110. Qb8 Qc6+ 111. Kd8 Kf7 112. Qf4+ Kg8 113. Qg5+ Kf7 114. Qf5+ Kg8 115. Ke7 Qb7 116. Qg5+ Kh8 117. Kf8 Qf3+ 118. Ke7 Qb7 119. Qg4 Kh7 120. Kf6 Qb2+ 121. Kg5 Qg7+ 122. Kh4 Qe7+ 123. Kh3 Qe3+ 124. Kg2 Qd2+ 125. Kf3 Qd3+ 126. Kf4 Qd4+ 127. Kg5 Qg7+ 128. Kh4 Qe7+ 129. Qg5 Qxd7 130. Qh5+ Kg8 131. Qg6+ Qg7 132. Qxg7+ Kxg7 1/2-1/2

[Event "94th FRA-ch Open A 2019"]
[Site "Chartres"]
[Date "2019.08.23"]
[Round "7.5"]
[White "Burille, Matthieu"]
[Black "Grandy, Aurelien"]
[Result "1-0"]
[ECO "C77"]
[WhiteElo "2174"]
[BlackElo "2032"]
[Annotator "NA"]
[PlyCount "67"]
[EventDate "2019.08.17"]
[EventType "swiss"]
[EventCountry "FRA"]
[SourceTitle "playchess.com"]
[Source "ChessBase"]
[SourceQuality "1"]
[TimeControl "40/5400+30:1800+30"]

1. e4 e5 2. Nf3 Nc6 3. Bb5 a6 4. Ba4 Nf6 5. O-O Be7 6. d3 b5 7. Bb3 d6 8. a3 O-O 9. Nc3 Na5 10. Ba2 c5 11. Bg5 Bb7 12. Bxf6 Bxf6 13. Nd5 Nc6 14. b4 a5 15. c4 axb4 16. cxb5 Na7 17. a4 Bxd5 18. Bxd5 Rb8 19. Nd2 Qd7 20. Nc4 Bd8 21. f4 exf4 22. Rxf4 g6 23. Qf3 Kg7 24. Rf1 f6 25. Rh4 Nc8 26. Qf4 g5 27. Rg4 h6 28. h4 Be7 29. Ne3 h5 30. Rg3 Kh7 31. Qf3 g4 32. Qf4 Kg6 33. Nf5 Rh8 34. Rxg4+ 1-0

[Event "94th FRA-ch Open A 2019"]
[Site "Chartres"]
[Date "2019.08.23"]
[Round "7.6"]
[White "Derige Kane, Yan"]
[Black "Mahieu, Luc"]
[Result "0-1"]
[ECO "B50"]
[WhiteElo "2156"]
[BlackElo "2084"]
[Annotator "NA"]
[PlyCount "88"]
[EventDate "2019.08.17"]
[EventType "swiss"]
[EventCountry "FRA"]
[SourceTitle "playchess.com"]
[Source "ChessBase"]
[SourceQuality "1"]
[TimeControl "40/5400+30:1800+30"]

1. e4 c5 2. Nf3 d6 3. c3 Nf6 4. Be2 g6 5. O-O Bg7 6. Bb5+ Nbd7 7. Re1 O-O 8. d4 a6 9. Bxd7 Nxd7 10. a4 b6 11. Bg5 Re8 12. Nbd2 Qc7 13. h3 Bb7 14. Qe2 e5 15. dxe5 Nxe5 16. Nxe5 Bxe5 17. f4 Bg7 18. Qf2 b5 19. axb5 axb5 20. Rxa8 Bxa8 21. f5 f6 22. Bf4 Qe7 23. fxg6 hxg6 24. Qg3 d5 25. Qxg6 dxe4 26. Bd6 Qf7 27. Qxf7+ Kxf7 28. Bxc5 f5 29. Be3 Be5 30. Rf1 Kg6 31. Nb3 Bd5 32. Nd4 Bxd4 33. Bxd4 e3 34. Ra1 f4 35. Rf1 Kf5 36. Re1 Ke4 37. Kf1 Rg8 38. g4 Rg6 39. Kg1 Kd3 40. b4 Kd2 41. Rb1 f3 42. Bxe3+ Kxe3 43. Re1+ Kf4 44. Kf2 Ra6 0-1

[Event "94th FRA-ch Open A 2019"]
[Site "Chartres"]
[Date "2019.08.24"]
[Round "8.1"]
[White "Aumont, Alexandre"]
[Black "Amoyal, Pierre"]
[Result "1-0"]
[ECO "B26"]
[WhiteElo "2190"]
[BlackElo "2093"]
[Annotator "NA"]
[PlyCount "51"]
[EventDate "2019.08.17"]
[EventType "swiss"]
[EventCountry "FRA"]
[SourceTitle "playchess.com"]
[Source "ChessBase"]
[SourceQuality "1"]
[TimeControl "40/5400+30:1800+30"]

1. e4 c5 2. Nc3 g6 3. g3 Bg7 4. Bg2 Nc6 5. d3 d6 6. Be3 Rb8 7. Qd2 b5 8. Nge2 b4 9. Nd1 Nd4 10. O-O Qa5 11. a3 Qa6 12. Bxd4 cxd4 13. b3 bxa3 14. Qc1 Qb6 15. Qxa3 a6 16. Nb2 Nh6 17. Nc4 Qb5 18. Qc1 O-O 19. Ra5 Qb4 20. Nxd4 Bxd4 21. Qxh6 Rb5 22. Ra4 Qc5 23. Qd2 f5 24. exf5 Rxf5 25. Ne3 Re5 26. Rc4 1-0

[Event "94th FRA-ch Open A 2019"]
[Site "Chartres"]
[Date "2019.08.24"]
[Round "8.2"]
[White "Droin, Augustin"]
[Black "Burille, Matthieu"]
[Result "1/2-1/2"]
[ECO "B50"]
[WhiteElo "2128"]
[BlackElo "2174"]
[Annotator "NA"]
[PlyCount "148"]
[EventDate "2019.08.17"]
[EventType "swiss"]
[EventCountry "FRA"]
[SourceTitle "playchess.com"]
[Source "ChessBase"]
[SourceQuality "1"]
[TimeControl "40/5400+30:1800+30"]

1. e4 c5 2. Nf3 d6 3. Nc3 Nf6 4. e5 dxe5 5. Nxe5 a6 6. g3 Nbd7 7. d4 e6 8. Be3 cxd4 9. Bxd4 Qc7 10. Qe2 Bc5 11. Bxc5 Qxc5 12. Nd3 Qc6 13. Rg1 O-O 14. Bg2 Qc7 15. g4 Nc5 16. Nxc5 Qxc5 17. O-O-O Rb8 18. h4 b5 19. g5 Nd5 20. Qe5 Bb7 21. Bxd5 Bxd5 22. Nxd5 exd5 23. Qxd5 Qxf2 24. h5 Rbc8 25. Qd3 Qb6 26. g6 fxg6 27. hxg6 h6 28. Kb1 Rc6 29. a3 Rcf6 30. Rde1 Rd8 31. Qe4 Rdd6 32. Rgf1 Rxf1 33. Rxf1 Qc6 34. Qe7 Rxg6 35. Re1 Rf6 36. Rg1 Rf7 37. Qd8+ Rf8 38. Qd4 Rf7 39. Qd8+ Rf8 40. Qd4 Qf6 41. Qd5+ Kh7 42. Qe4+ Qf5 43. Qb7 Qf6 44. Qe4+ g6 45. Rd1 Rf7 46. Qe8 h5 47. Rd7 Rxd7 48. Qxd7+ Kh6 49. b3 h4 50. a4 bxa4 51. Qxa4 h3 52. Qd7 Qf1+ 53. Kb2 Qf5 54. Qd6 a5 55. Qb8 Kg5 56. Qg3+ Kh5 57. Qb8 g5 58. Qh8+ Kg4 59. Qd4+ Qf4 60. Qd7+ Kg3 61. Qd3+ Qf3 62. Qd6+ Kh4 63. Qh6+ Qh5 64. Qf6 Qe8 65. Qf2+ Kh5 66. Qf3+ g4 67. Qf5+ Kh4 68. Qf2+ Kg5 69. Qc5+ Kf6 70. Qf2+ Kg6 71. Qb6+ Kf5 72. Qf2+ Kg5 73. Qc5+ Kf6 74. Qf2+ Kg6 1/2-1/2